 Dungeon Crawl Stone Soup version 0.31-a0-188-g5e087ee2ca (webtiles) character file.

Game seed: 12625985675948410655

270 qw the Skirmisher (level 6, 0/35 HPs)
             Began as a Deep Elf Hunter on June 23, 2023.
             Slain by a black bear (6 damage)
             ... on level 5 of the Dungeon.
             The game lasted 00:01:09 (3925 turns).

qw the Skirmisher (Deep Elf Hunter)                 Turns: 3925, Time: 00:01:10

Health: 0/35       AC:  8    Str: 10    XL:     6   Next: 1%
Magic:  8/8        EV: 13    Int: 14    God:
Gold:   139        SH:  0    Dex: 18    Spells: 5/5 levels left

rFire   . . .        Y - +0 shortbow
rCold   + . .        (shield currently unavailable)
rNeg    . . .        e - +3 leather armour {rC+}
rPois   +            d - +0 helmet
rElec   .            a - +0 cloak
rCorr   .            (no gloves)
SInv    +            (no boots)
Will    .....        j - amulet of regeneration
Stlth   ++           i - ring of poison resistance
HPRegen 1.05/turn    b - ring of see invisible
MPRegen 0.11/turn

%: no passive effects
@: no status effects
A: no striking features
a: no special abilities


You were on level 5 of the Dungeon.
You visited 1 branch of the dungeon, and saw 5 of its levels.

You collected 139 gold pieces.


   Skills:
 - Level 2.0 Fighting
 + Level 9.0 Ranged Weapons
 - Level 3.3 Dodging
 - Level 1.2 Stealth


You had 5 spell levels left.
You didn't know any spells.
Your spell library was empty.

Inventory:

Hand Weapons
 Y - a +0 shortbow (weapon)
Armour
 a - a +0 cloak (worn)
 d - a +0 helmet (worn)
 e - a +3 leather armour of cold resistance (worn)
Jewellery
 b - a ring of see invisible (right hand)
 g - the ring of the Thistle {rC+ Will+}
   (You found it on level 2 of the Dungeon)

   [ring of willpower]

   rC:        It protects you from cold.
   Will:      It increases your willpower.
 i - a ring of poison resistance (left hand)
 j - an amulet of regeneration (around neck)
Scrolls
 f - 3 scrolls of identify
Potions
 c - a potion of enlightenment

Dungeon Overview and Level Annotations

Branches:
Dungeon (5/15)
 Temple: D:4-7

Altars:

Annotations:
D:2 1 runed translucent door, Crazy Yiuf


Message History

The black bear is severely wounded.
The black bear barely misses you. The black bear completely misses you.
The black bear misses you.
You shoot an arrow. The arrow hits the black bear.
The black bear is severely wounded.
The black bear goes berserk!
You shoot an arrow. The arrow hits the black bear.
The black bear is severely wounded.
The black bear bites you but does no damage.
The black bear misses you. The black bear barely misses you.
The black bear bites you but does no damage.
The black bear claws you. x2
You shoot an arrow. The arrow hits the black bear.
The black bear is almost dead.
The black bear bites you. The black bear claws you.
The black bear completely misses you. The black bear bites you!
The black bear claws you.
The black bear claws you but does no damage.
You shoot an arrow. The arrow barely misses the black bear.
The black bear completely misses you.
The black bear claws you but does no damage. x2
You shoot an arrow. The arrow barely misses the black bear.
The black bear bites you but does no damage.
The black bear claws you but does no damage.
The black bear closely misses you. The black bear misses you.
The black bear claws you. The black bear completely misses you.
You shoot an arrow.
The arrow completely misses the black bear.
The black bear bites you. The black bear closely misses you.
The black bear barely misses you.
You shoot an arrow. The arrow barely misses the black bear.
The black bear bites you. The black bear claws you.
The black bear claws you but does no damage.
The black bear bites you.
The black bear claws you but does no damage.
The black bear closely misses you.
You shoot an arrow.
The arrow completely misses the black bear.
The black bear bites you.
You die...

............. #.< ...
............ #..#...#
#......#...
.)......###..........
.............<.......
......#..#.#.........
......##...##.###....
......h.......%......
#.@.....##......
#.##...## ......
###..### ..... #...#
..... #..## .... ####
....


You could see a black bear (berserk).

Vanquished Creatures
  A scorpion (D:4)
  A hound (D:4)
  2 jellies (D:4)
  Ijyb (D:3)
  3 adders
  4 worms
  3 dart slugs
  4 orcs
  4 bats
  4 endoplasms
  2 giant cockroaches (D:3)
  6 goblins
  3 hobgoblins
  2 jackals (D:1)
  5 quokkas
  5 ball pythons
  2 frilled lizards
  4 kobolds (D:1)
  3 rats
59 creatures vanquished.

Notes
Turn   | Place    | Note
-------+----------+-------------------------------------------
     0 | D:1      | qw the Deep Elf Hunter began the quest for the Orb.
     0 | D:1      | Reached XP level 1. HP: 12/12 MP: 3/3
     0 | D:1      | 0 ||| qw: Version: 0.3-a-9-g12657ce
     0 | D:1      | 0 ||| qw: Game counter: 3408
     0 | D:1      | 0 ||| qw: Always use a shield: true
     0 | D:1      | 0 ||| qw: God list: Okawaru
     0 | D:1      | 0 ||| qw: Allow faded altars: false
     0 | D:1      | 0 ||| qw: Do Orc after D:15 true
     0 | D:1      | 0 ||| qw: Do second Lair branch before Depths: true
     0 | D:1      | 0 ||| qw: Lair rune preference: random
     0 | D:1      | 0 ||| qw: Plans: Normal
     0 | D:1      | 0 ||| PLANNING D:1-11
   251 | D:1      | Reached XP level 2. HP: 16/16 MP: 4/4
   252 | D:1      | Reached skill level 6 in Ranged Weapons
  1082 | D:1      | 1082 ||| UPGRADING to +0 scale mail.
  1092 | D:1      | 1092 ||| DROPPING +0 leather armour.
  1093 | D:1      | 1093 ||| UPGRADING to +0 ring mail.
  1103 | D:1      | 1103 ||| DROPPING +0 scale mail.
  1104 | D:1      | 1104 ||| UPGRADING to amulet of regeneration.
  1109 | D:1      | 1109 ||| UPGRADING to ring of poison resistance.
  1110 | D:1      | 1110 ||| READING scroll labelled IBUISH RYXONTA.
  1117 | D:1      | 1117 ||| READING 2 scrolls labelled TACVUMM FOIVO.
  1118 | D:1      | 1118 ||| DROPPING scroll of butterflies.
  1626 | D:2      | Reached XP level 3. HP: 16/20 MP: 5/5
  1694 | D:2      | Reached skill level 7 in Ranged Weapons
  1725 | D:2      | Found a faded altar of an unknown god.
  1730 | D:2      | Identified the ring of the Thistle {rC+ Will+}
  1824 | D:2      | Found a runed translucent door.
  1825 | D:2      | Noticed Crazy Yiuf
  2067 | D:2      | 2067 ||| UPGRADING to ring of the Thistle {rC+ Will+}.
  2068 | D:2      | 2068 ||| READING scroll labelled WEIG FELUALAWN.
  2169 | D:2      | 2169 ||| READING scroll labelled TESEHO GEMA.
  2170 | D:2      | 2170 ||| READING scroll labelled CIALEU QUMIMAE.
  2171 | D:2      | 2171 ||| DRINKING 2 viscous dark potions.
  2213 | D:2      | 2213 ||| READING 3 scrolls of identify.
  2213 | D:2      | 2213 ||| IDENTIFYING fuming emerald potion
  2214 | D:2      | 2214 ||| READING 2 scrolls of identify.
  2214 | D:2      | 2214 ||| IDENTIFYING golden potion
  2215 | D:2      | 2215 ||| DROPPING potion of attraction.
  2216 | D:2      | 2216 ||| DROPPING potion of lignification.
  2217 | D:2      | 2217 ||| DROPPING potion of magic.
  2666 | D:3      | Reached XP level 4. HP: 25/25 MP: 6/6
  2935 | D:3      | Noticed Ijyb
  2982 | D:3      | Killed Ijyb
  3017 | D:3      | Reached skill level 8 in Ranged Weapons
  3087 | D:3      | 3087 ||| UPGRADING to +0 cloak.
  3092 | D:3      | 3092 ||| UPGRADING to +0 helmet.
  3097 | D:3      | 3097 ||| UPGRADING to +3 leather armour of cold resistance.
  3107 | D:3      | 3107 ||| DROPPING +0 ring mail.
  3108 | D:3      | 3108 ||| UPGRADING to ring of see invisible.
  3110 | D:3      | 3110 ||| READING 2 scrolls of identify.
  3110 | D:3      | 3110 ||| IDENTIFYING orange potion
  3111 | D:3      | 3111 ||| DROPPING potion of degeneration.
  3213 | D:4      | Noticed a scorpion
  3221 | D:4      | Killed a scorpion
  3222 | D:4      | Reached XP level 5. HP: 28/29 MP: 7/7
  3303 | D:4      | Reached skill level 9 in Ranged Weapons
  3614 | D:4      | Reached skill level 3 in Dodging
  3867 | D:4      | 3867 ||| READING 4 scrolls labelled QAUZERUGU.
  3868 | D:4      | 3868 ||| READING scroll labelled RUETIQ HEMUATI.
  3869 | D:4      | 3869 ||| READING 4 scrolls of identify.
  3869 | D:4      | 3869 ||| IDENTIFYING green potion
  3870 | D:4      | 3870 ||| DROPPING 3 scrolls of poison.
  3895 | D:5      | Entered Level 5 of the Dungeon
  3903 | D:5      | Reached XP level 6. HP: 35/35 MP: 8/8
  3924 | D:5      | HP: 5/35 [black bear (4)]
  3925 | D:5      | Slain by a black bear

Levels and vault maps discovered:
D:1:      shiori_arrival_maze, layout_basic
D:2:      layout_loops_corners, ebering_ecumenical_altar_abandoned,
          minmay_pentomino_v4, uniq_crazy_yiuf_cottage
D:3:      layout_loops_corners, uniq_ijyb
D:4:      layout_basic, kennysheep_another_room, kennysheep_crisscross
D:5:      layout_cave_pools

Skill      XL: |  1  2  3  4  5 |
---------------+----------------+-----
Ranged Weapons | 6 7 8 9 |  9.0
Dodging        | 3 |  3.3
Fighting       | 2 |  2.0
Stealth        | |  1.2

Action                     |  1- 3 |  4- 6 || total
---------------------------+-------+-------++-------
   Fire: Shortbow          |   129 |   107 ||   236
    Use: Scroll            |     7 |     4 ||    11
         Potion            |     1 |       ||     1
 Armour: Leather armour    |     5 |    12 ||    17
         Ring mail         |    16 |     5 ||    21
  Dodge: Dodged            |    30 |    34 ||    64

Table legend:
 A = Non-vault XP
 B = Vault XP
 C = Vault XP percentage of total XP
 D = Non-vault monster count
 E = Vault monster count
 F = Vault count percentage of total count
                 A         B        C        D         E       F
            +---------+---------+-------+---------+---------+-------
      Total |     345 |      41 |  10.6 |      54 |       5 |   8.5
            +---------+---------+-------+---------+---------+-------
        D:1 |      20 |       3 |  13.0 |      12 |       2 |  14.3
        D:2 |      39 |       3 |   7.1 |      12 |       2 |  14.3
        D:3 |      51 |      35 |  40.7 |      18 |       1 |   5.3
        D:4 |     222 |       0 |   0.0 |      11 |       0 |   0.0
        D:5 |      13 |       0 |   0.0 |       1 |       0 |   0.0
            +---------+---------+-------+---------+---------+-------
